 Dungeon Crawl Stone Soup version 0.29-a0-322-g68df515428 (webtiles) character file.

Game seed: 6349385049846008782

25 GigaChad the Vexing (level 2, 0/27 HPs)
             Began as a Troll Arcane Marksman on Apr 7, 2022.
             Slain by an adder (2 damage)
             ... on level 2 of the Dungeon.
             The game lasted 00:03:57 (700 turns).

GigaChad the Vexing (Troll Arcane Marksman)          Turns: 700, Time: 00:03:58

Health: 0/27       AC:  5    Str: 17    XL:     2   Next: 82%
Magic:  2/2        EV:  9    Int:  9    God:
Gold:   75         SH:  0    Dex: 10    Spells: 2/3 levels left

rFire   . . .      SeeInvis .   g - +0 dagger
rCold   . . .      Faith    .   (no shield)
rNeg    . . .      Spirit   .   b - +1 robe
rPois   .          Reflect  .   (helmet restricted)
rElec   .          Harm     .   (no cloak)
rCorr   .          Rampage  .   (gloves unavailable)
Will    .....                   (boots unavailable)
Stlth   +.........              (no amulet)
HPRegen 0.89/turn               (no ring)
MPRegen 0.08/turn               (no ring)

@: no status effects
A: large, unfitting armour, claws 3, regeneration 1, shaggy fur 1, tough skin 1
a: no special abilities


You were on level 2 of the Dungeon.
You visited 1 branch of the dungeon, and saw 2 of its levels.

You collected 75 gold pieces.

Inventory:

Hand Weapons
 a - a +0 shortbow
 g - a +0 dagger (weapon)
Armour
 b - a +1 robe (worn)
 e - a +0 chain mail
Scrolls
 c - a scroll of vulnerability
 d - 2 scrolls of teleportation
Potions
 f - a potion of curing
 h - a potion of attraction {unknown}
 i - a potion of heal wounds {unknown}


   Skills:
 + Level 1.2 Fighting
 + Level 1.7 Bows
 + Level 1.7 Dodging
 + Level 1.0 Spellcasting
 + Level 2.2 Hexes


You had 2 spell levels left.
You knew the following spells:

 Your Spells              Type           Power      Damage    Failure   Level
a - Slow                  Hex            16%        N/A       16%         1

Your spell library contained the following spells:

 Spells                   Type           Power      Damage    Failure   Level
 Inner Flame              Hex/Fire       2%         N/A       56%         3
 Portal Projectile        Hex/Tloc       4%         N/A       56%         3
 Cause Fear               Hex            2%         N/A       83%         4


Dungeon Overview and Level Annotations

Branches:
Dungeon (2/15)

Altars:

Shops:
D:1 =


Innate Abilities, Weirdness & Mutations

You are too large for most types of armour.
You have claws for hands.
Your natural rate of healing is unusually fast.
You are covered in fur. (AC +1)
You have tough skin. (AC +1)


Message History

You feel sick. The adder bites you.
* * * LOW HITPOINT WARNING * * *
The adder attacks as you move away! The adder bites you but does no damage.
You feel sick.
You feel sick. The adder closely misses you.
The adder attacks as you move away! The adder bites you.
* * * LOW HITPOINT WARNING * * *
You are more poisoned.
The adder poisons you!
You feel sick.
You feel sick.
You feel sick.
You feel sick. The adder closely misses you.
You feel sick.
You feel sick.
You feel sick.
You are no longer poisoned.
The adder bites you but does no damage. The adder bites you but does no damage.
The adder attacks as you move away! The adder bites you but does no damage.
The adder bites you but does no damage. The adder attacks as you move away!
The adder bites you.
* * * LOW HITPOINT WARNING * * *
You are poisoned.
The adder poisons you!
You feel sick.
Things that are here:
a +0 dagger; a stone
g - a +0 dagger You feel sick.
The adder bites you.
* * * LOW HITPOINT WARNING * * *
g - a +0 dagger (weapon)
You feel sick. The adder bites you but does no damage.
You hit the adder.
The adder is almost dead.
You feel sick. The adder completely misses you.
You barely miss the adder.
The adder is almost dead.
You feel sick.
You are no longer poisoned.
The adder bites you.
You die...

#.#........................#### #
#.#.###.#.##############.......
#.#...#...#.###............#.####
............>#............#.# #
#...#.#.#.#..............#.# #
#.#...#...#.#.#............#.# #
.........<#.#..............#.# #
#.#...#...#.#.#............#.####
......#...#....S@...............#
......#...###.#............#.##.#
......#...# #.......######.#.##.#
...............####.# #.#.##.#
.....##........# .... #.#.##.#
..... ##.#.....# .#.#.# #.#.##.#
#.....##. .# #.#.##.# ####.## #
#.#..... ####.#


You could see an adder.

Vanquished Creatures
  A ball python (D:1)
  2 endoplasms
  2 giant cockroaches (D:1)
  2 goblins (D:1)
  4 hobgoblins
  4 kobolds
  A quokka (D:1)
  3 bats (D:1)
  A rat (D:1)
20 creatures vanquished.

Notes
Turn   | Place    | Note
-------+----------+-------------------------------------------
     0 | D:1      | GigaChad the Troll Arcane Marksman began the quest for the
                  | Orb.
     0 | D:1      | Reached XP level 1. HP: 18/18 MP: 1/1
   156 | D:1      | Reached XP level 2. HP: 26/26 MP: 2/2
   236 | D:1      | Found Jiobbud's Jewellery Boutique.
   292 | D:1      | Reached skill level 1 in Fighting
   700 | D:2      | Slain by an adder

Illustrated notes

Levels and vault maps discovered:
D:1:      kennysheep_arrival_forest, layout_basic, serial_shops,
          nicolae_shop_trees, minivault_25, serial_park_tiny_1
D:2:      layout_basic, uniq_sigmund

Skill      XL: |  1  2 |
---------------+-------+-----
Fighting       | 1 |  1.2
Bows           | |  1.7
Dodging        | |  1.7
Spellcasting   | |  1.0
Hexes          | |  2.2

Action                   || total
-------------------------++-------
Melee: Dagger            ||     2
 Fire: Shortbow          ||    67
  Use: Scroll            ||     3
Armor: Robe              ||    26
Dodge: Dodged            ||    27

Table legend: (Time is in decaauts)
 A = Elapsed time spent in this place.
 B = Non-inter-level travel time spent in this place.
 C = Inter-level travel time spent in this place.
 D = Time resting spent in this place.
 E = Time spent auto-exploring this place.
 F = Levels seen in this place.
 G = Mean time per level.
                   A        B        C        D        E       F      G
               +--------+--------+--------+--------+--------+-----+--------+
         Total |    727 |    727 |      0 |      0 |    156 |   2 |  363.5 |
       Dungeon |    727 |    727 |      0 |      0 |    156 |   2 |  363.5 |
               +--------+--------+--------+--------+--------+-----+--------+

Top non-repeatable levels by time:
     D:1: 588 daAuts
     D:2: 139 daAuts
